 Dungeon Crawl Stone Soup version 0.20-a0-1124-g2e29d97 (webtiles) character file.

266 Naow the Firebug (level 6, -10/36 HPs)
             Began as an Octopode Fire Elementalist on May 16, 2017.
             Mangled by an iguana (12 damage)
             ... on level 4 of the Dungeon.
             The game lasted 00:06:47 (4477 turns).

Naow the Firebug (Octopode Fire Elementalist)       Turns: 4477, Time: 00:06:48

Health: -10/36     AC:  1    Str:  7    XL:     6   Next: 20%
Magic:  1/11       EV: 13    Int: 19    God:
Gold:   125        SH:  0    Dex: 13    Spells: 2/12 levels left

rFire    . . .     SeeInvis .   i - +0 dagger (venom)
rCold    . . .     Gourm    .   (no shield)
rNeg     . . .     Faith    .   (helmet restricted)
rPois    .         Spirit   .   (no amulet)
rElec    .         Reflect  .   (no ring)
rCorr    .         Harm     .   (no ring)
MR       .....                  (no ring)
Stlth    +++.......             (no ring)
Regen    0.2/turn               (no ring)
MPRegen  0.2/turn               (no ring)
                                (no ring)
                                (no ring)

@: no status effects
A: almost no armour, stealthy swim, amphibious, 8 rings, constrict 8, camouflage
1, gelatinous body 1
a: no special abilities


You were on level 4 of the Dungeon.
You were not hungry.

You visited 1 branch of the dungeon, and saw 4 of its levels.

You collected 125 gold pieces.

Inventory:

Hand Weapons
 e - a +0 vampiric dagger
 h - a +0 dagger
 i - a +0 dagger of venom (weapon)
Wands
 t - a wand of confusion (23/48)
Scrolls
 c - a scroll of magic mapping {unknown}
 j - 2 scrolls of blinking {unknown}
 k - 4 scrolls of remove curse {unknown}
 m - 5 scrolls of identify {unknown}
 o - 2 scrolls of recharging {unknown}
 p - a scroll of amnesia {unknown}
 q - a scroll of enchant weapon {unknown}
 s - a scroll of random uselessness {unknown}
 v - a scroll of fear {unknown}
Potions
 d - a potion of curing {unknown}
 f - a potion of invisibility
 g - 5 potions of haste {unknown}
 l - 2 potions of lignification {unknown}
 n - a potion of resistance {unknown}
 w - a potion of brilliance {unknown}
Books
 a - a book of Flames

   Spells                             Type                      Level
   a - Flame Tongue                   Conjuration/Fire             1
   b - Throw Flame                    Conjuration/Fire             2
   c - Conjure Flame                  Conjuration/Fire             3
   d - Inner Flame                    Hexes/Fire                   3
   e - Sticky Flame                   Conjuration/Fire             4
   f - Fireball                       Conjuration/Fire             5
Comestibles
 b - 2 bread rations
 r - a meat ration
 u - a chunk of flesh


   Skills:
 - Level 2.0 Dodging
 - Level 2.6 Stealth
 + Level 3.5 Spellcasting
 + Level 3.3 Conjurations
 + Level 4.8 Fire Magic


You had 2 spell levels left.
You knew the following spells:

 Your Spells              Type           Power        Failure   Level  Hunger
a - Flame Tongue          Conj/Fire      ###..        2%          1    None
b - Throw Flame           Conj/Fire      ###...       4%          2    ##.....
c - Conjure Flame         Conj/Fire      ###.....     9%          3    ###....
d - Sticky Flame          Conj/Fire      ###.....     26%         4    ####...


Dungeon Overview and Level Annotations

Branches:
Dungeon (4/15)
 Temple: D:4-7

Altars:
Makhleb


Innate Abilities, Weirdness & Mutations

You cannot wear most types of armour.
You are very stealthy in the water. (Stealth+)
You are amphibious.
You can wear up to eight rings at the same time.
You can use your tentacles to constrict eight enemies at once.
Your skin changes colour to match your surroundings (Stealth+).
Your rubbery body absorbs attacks. (AC +1, EV +1)


Message History

Aim: a phantom (severely damaged)
The flame tongue hits the phantom.
The phantom is almost destroyed.
The phantom hits you.
* * * LOW HITPOINT WARNING * * *
Casting: Flame Tongue
Confirm with . or Enter, or press ? or * to list all spells.
Aiming: Flame Tongue
Press: ? - help, Shift-Dir - straight line, f/p - phantom
Aim: a phantom (almost destroyed)
The flame tongue misses the phantom.
The phantom hits you.
* * * LOW HITPOINT WARNING * * *
The phantom blinks!
The phantom blinks!
The phantom completely misses you. The iguana bites you.
* * * LOW HITPOINT WARNING * * *
The phantom blinks!
The iguana bites you!
You die...

......... ....[
........# #....$
.......##....).
##.............
##..............
#...........#...
#..............#
#............[.#
#@<.......#.##.#
#.l[....>.......
#...........##..
#...........# .
#...W.....#...#
#.........#...#
#.........#.....
##.......## ....
##.....##


You could see a phantom and an iguana.

Vanquished Creatures
  An ogre (D:3)
  A hound (D:1)
  5 gnolls
  5 adders
  An ooze (D:2)
  A dart slug (D:1)
  2 leopard geckos
  An orc (D:3)
  7 bats
  4 giant cockroaches
  9 goblins
  3 hobgoblins
  8 kobolds
  A ball python (D:4)
  3 frilled lizards (D:3)
  6 rats
58 creatures vanquished.

Notes
Turn   | Place    | Note
-------+----------+-------------------------------------------
     0 | D:1      | Naow the Octopode Fire Elementalist began the quest for the Orb.
     0 | D:1      | Reached XP level 1. HP: 11/11 MP: 3/3
   348 | D:1      | Reached XP level 2. HP: 17/17 MP: 3/5
  1079 | D:1      | Reached XP level 3. HP: 21/21 MP: 1/6
  1660 | D:1      | Reached XP level 4. HP: 16/27 MP: 1/8
  1787 | D:1      | Learned a level 2 spell: Throw Flame
  1791 | D:1      | Learned a level 3 spell: Conjure Flame
  2072 | D:2      | Reached skill level 4 in Fire Magic
  2266 | D:2      | Found a burning altar of Makhleb.
  2999 | D:3      | Reached XP level 5. HP: 31/31 MP: 5/9
  3149 | D:3      | Noticed an ogre
  3156 | D:3      | Killed an ogre
  3281 | D:3      | Learned a level 4 spell: Sticky Flame
  3591 | D:2      | Reached XP level 6. HP: 14/36 MP: 2/11
  4439 | D:4      | Noticed a phantom
  4477 | D:4      | Mangled by an iguana

Vault maps used:
D:1:      eino_arrival_tree_alley, roderic_lattice_a,
          hangedman_abyss_or_decor_lesser_grid
D:2:      lightli_temple_of_fire, minmay_tetromino_o4
D:3:      serial_forest, infiniplex_forest_zigzag_1,
          infiniplex_forest_clump_medium, infiniplex_forest_clump_small,
          infiniplex_forest_straight_5, infiniplex_forest_straight_3,
          infiniplex_forest_straight_1, infiniplex_forest_lined_room_2
D:4:      gup_sewer_entry_glass, serial_shops, shop, bh_walls_and_bars

Skill      XL: |  1  2  3  4  5 |
---------------+----------------+-----
Conjurations   | 2 3 |  3.3
Fire Magic     | 4 |  4.8
Spellcasting   | 3 |  3.5
Dodging        | |  2.0
Stealth        | |  2.6

Action                   |  1- 3 |  4- 6 || total
-------------------------+-------+-------++-------
Melee: Unarmed           |     3 |       ||     3
       Constrict         |     1 |     2 ||     3
       Dagger            |       |    14 ||    14
       Tentacles         |       |     1 ||     1
 Cast: Flame Tongue      |    32 |    74 ||   106
       Throw Flame       |       |     3 ||     3
       Conjure Flame     |       |     2 ||     2
       Sticky Flame      |       |     2 ||     2
 Stab: Sleeping          |       |     3 ||     3
  Eat: Chunk             |     2 |     7 ||     9
       Meat ration       |       |     1 ||     1
Armor: Skin              |     1 |     3 ||     4
Dodge: Dodged            |     6 |    21 ||    27
